 Dungeon Crawl Stone Soup version 0.30-a0-358-g0d69a1922f (webtiles) character file.

Game seed: 277119169922908355

102 hikkokomori the Digger (level 4, -1/24 HPs)
             Began as a Gargoyle Earth Elementalist on Nov 11, 2022.
             Slain by a river rat (3 damage)
             ... in a sewer.
             The game lasted 00:03:23 (1241 turns).

hikkokomori the Digger (GrEE)                       Turns: 1241, Time: 00:03:23

Health: -1/24      AC:  5    Str: 11    XL:     4   Next: 78%
Magic:  4/8        EV:  8    Int: 18    God:
Gold:   112        SH:  0    Dex: 10    Spells: 5/9 levels left

rFire   . . .      SeeInvis .    f - +4 whip (vamp)
rCold   . . .      Faith    .    (no shield)
rNeg    + . .      Spirit   .    a - +0 robe
rPois   ∞          Reflect  .    (no helmet)
rElec   +          Harm     .    (no cloak)
rCorr   .          Rampage  .    (no gloves)
Will    .....                    (no boots)
Stlth   +.........               (no amulet)
HPRegen 0.24/turn                (no ring)
MPRegen 0.11/turn                (no ring)

@: constricted, very slow
A: sickness immunity, AC +3, negative energy resistance 1, electricity
resistance, torment resistance 1, petrification resistance, mutation resistance
1
a: no special abilities


You were in a sewer.
You visited 1 branch of the dungeon, and saw 3 of its levels.
You also visited: Sewer.

You collected 112 gold pieces.

Inventory:

Hand Weapons
 c - a +0 whip
 f - a +4 vampiric whip (weapon)
Armour
 a - a +0 robe (worn)
Scrolls
 e - a scroll of identify
Potions
 b - a potion of magic
 d - a potion of curing {unknown}
 h - a potion of haste {unknown}
 i - a potion of heal wounds {unknown}


   Skills:
 + Level 1.4 Maces & Flails
 - Level 1.5 Dodging
 - Level 2.1 Stealth
 + Level 3.0 Spellcasting
 + Level 1.4 Conjurations
 - Level 0.7 Transmutations
 + Level 4.8 Earth Magic


You had 5 spell levels left.
You knew the following spells:

 Your Spells              Type           Power      Damage    Failure   Level
a - Sandblast             Erth           40%        2d10      2%          1
b - Stone Arrow           Conj/Erth      26%        3d8       14%         3

Your spell library contained the following spells:

 Spells                   Type           Power      Damage    Failure   Level
 Passwall                 Tmut/Erth      10%        N/A       8%          2
 Ignite Poison            Fire/Tmut/Pois 3%         N/A       41%         3
 Petrify                  Tmut/Erth      12%        N/A       45%         4
 Sticky Flame             Conj/Fire      5%         2d3       77%         4
 Ignition                 Fire           1%         3d3       100%        8


Dungeon Overview and Level Annotations

Branches:
Dungeon (3/15)              Sewer (1/1)

Altars:
Kikubaaqudgha


Innate Abilities, Weirdness & Mutations

You are immune to sickness and miasma.
Your stone body is resilient. (AC +3)
You are immune to poison.
You resist negative energy. (rN+)
You are resistant to electric shocks. (rElec)
You are resistant to unholy torment.
You are immune to petrification.
You are somewhat resistant to further mutation.


Message History

Aim: a river rat (81% to hit)
The blast of sand hits the river rat but does no damage.
The ball python bites you but does no damage. x2
The ball python constricts you. The frilled lizard bites you. x2
The river rat barely misses you. The ball python closely misses you.
The ball python bites you. The ball python constricts you.
* * * LOW HITPOINT WARNING * * *
Unknown command.
As you read the scroll labelled ZEOLEI ITAUWK, it crumbles to dust.
You hear the tinkle of a tiny bell.
It was a scroll of butterflies.
The frilled lizard barely misses you. The frilled lizard closely misses you.
The river rat bites you.
* * * LOW HITPOINT WARNING * * *
The ball python bites you.
* * * LOW HITPOINT WARNING * * *
The ball python barely misses you. The ball python constricts you.
Unknown command.
You escape the ball python's grasp.
You swap places.
The ball python bites you.
* * * LOW HITPOINT WARNING * * *
The ball python grabs you. The ball python constricts you.
The frilled lizard closely misses your butterfly.
The river rat barely misses you.
The frilled lizard misses your butterfly.
The ball python barely misses your butterfly.
The ball python grabs your butterfly.
The ball python constricts your butterfly.
Your butterfly dies!
Your butterfly disappears in a burst of colours!
The ball python barely misses you. The ball python constricts you.
* * * LOW HITPOINT WARNING * * *
The river rat barely misses you.
It was a potion of mutation.
You feel extremely strange.
You feel genetically stable.
The ball python barely misses your butterfly.
The ball python completely misses your butterfly.
The ball python barely misses your butterfly.
The ball python constricts you.
The frilled lizard hisses.
The river rat bites you.
You die...

##### #∩..## ##### ####
##...######..#####..∩# #
####..###......#####..##...######
.#.............†.##.......#####..
.#..........b.......b......##.†..
)'............b.b.b...........†..
.#~~~~~~~~~.b.b.b....b...........
.#≈~≈≈~~~≈~b~~~bbb..b..~~~~~~~~~~
##≈≈≈≈≈≈≈~≈~≈bbb@bb...~~≈~≈~~~≈≈≈
#≈≈≈≈≈≈≈≈≈b≈b~Slrrbbb~~≈≈≈≈≈≈≈≈≈
#≈≈≈≈≈≈≈≈≈≈≈≈bbSl≈bb~b≈≈≈≈≈≈≈≈≈≈≈
≈#≈≈≈≈≈≈≈b≈≈bbbbb≈b~b~≈~~≈≈≈≈≈≈≈≈
#≈≈≈≈≈≈≈~≈~≈≈~b~b†~~~~~~~~~≈≈~≈~≈
≈~~~~~~~~~~..bb.....
~##~~....##.b......
......####....... ...... .......


You could see 2 river rats, 2 ball pythons and 2 frilled lizards.

Vanquished Creatures
  3 adders (D:2)
  2 river rats (Sewer)
  3 worms
  5 orcs (D:3)
  A ball python (D:2)
  3 bats
  5 endoplasms
  3 giant cockroaches (D:3)
  A goblin (D:2)
  2 hobgoblins
  4 kobolds (Sewer)
  2 frilled lizards (D:2)
  14 rats
48 creatures vanquished.

Vanquished Creatures (others)
  A plant (D:3)
1 creature vanquished.

Grand Total: 49 creatures vanquished

Notes
Turn   | Place    | Note
-------+----------+-------------------------------------------
     0 | D:1      | hikkokomori the Gargoyle Earth Elementalist began the quest
                  | for the Orb.
     0 | D:1      | Reached XP level 1. HP: 10/10 MP: 3/3
    61 | D:1      | You fall into a shaft and drop 1 floor!
    86 | D:2      | Reached skill level 4 in Earth Magic
    86 | D:2      | Reached XP level 2. HP: 15/15 MP: 0/5
   312 | D:2      | Found a faded altar of an unknown god.
   517 | D:2      | Reached XP level 3. HP: 19/19 MP: 4/6
   521 | D:2      | Learned a level 3 spell: Stone Arrow
   631 | D:2      | Found an ancient bone altar of Kikubaaqudgha.
   848 | D:3      | Reached skill level 1 in Maces & Flails
   859 | D:3      | Reached XP level 4. HP: 19/24 MP: 5/8
   881 | D:3      | Reached skill level 1 in Conjurations
   914 | D:3      | Found a glowing drain.
   926 | Sewer    | Entered a sewer
  1241 | Sewer    | Gained mutation: You are somewhat resistant to further
                  | mutation. [potion of mutation]
  1241 | Sewer    | Slain by a river rat

Illustrated notes

Levels and vault maps discovered:
D:1:      shiori_arrival_maze, layout_basic, minivault_5, minmay_pentomino_x4
D:2:      layout_basic, ebering_ecumenical_altar_box, basic_altar,
          minmay_liquid_box, solitary_fountain
D:3:      cheibrodos_old_hovel, layout_basic, xom_teletrap_fun,
          gup_sewer_entry_bubbles, minmay_fractal_squares_diagonal_5,
          uniq_jessica
Sewer:    sewer_minmay_treatment

Skill      XL: |  1  2  3  4 |
---------------+-------------+-----
Earth Magic    | 4 |  4.8
Maces & Flails | 1 |  1.4
Conjurations   | 1 |  1.4
Spellcasting   | 3 |  3.0
Dodging        | |  1.5
Stealth        | |  2.1
Transmutations | |  0.7

Action                   |  1- 3 |  4- 6 || total
-------------------------+-------+-------++-------
Melee: Whip              |    20 |    11 ||    31
 Cast: Sandblast         |    24 |    36 ||    60
  Use: Scroll            |     2 |     1 ||     3
       Potion            |       |     1 ||     1
Armor: Robe              |     2 |    20 ||    22
Dodge: Dodged            |    13 |    32 ||    45

Table legend: (Time is in decaauts)
 A = Elapsed time spent in this place.
 B = Non-inter-level travel time spent in this place.
 C = Inter-level travel time spent in this place.
 D = Time resting spent in this place.
 E = Time spent auto-exploring this place.
 F = Levels seen in this place.
 G = Mean time per level.
                   A        B        C        D        E       F      G
               +--------+--------+--------+--------+--------+-----+--------+
         Total |   1292 |   1275 |     17 |      0 |    962 |   4 |  323.0 |
       Dungeon |    960 |    943 |     17 |      0 |    699 |   3 |  320.0 |
         Sewer |    332 |    332 |      0 |      0 |    263 |   1 |  332.0 |
               +--------+--------+--------+--------+--------+-----+--------+

Top non-repeatable levels by time:
     D:2: 721 daAuts
   Sewer: 332 daAuts
     D:3: 175 daAuts
     D:1: 62 daAuts
